 Dungeon Crawl Stone Soup version 0.29-a0-757-g358383bc75 (webtiles) character file.

Game seed: 2441630681590501537

38 coolguy69 the Cutter (level 3, -2/20 HPs)
             Began as a Vine Stalker Monk on July 1, 2022.
             Slain by Robin
             ... wielding a +0 trident
              (3 damage)
             ... on level 2 of the Dungeon.
             The game lasted 00:01:41 (1184 turns).

coolguy69 the Cutter (Vine Stalker Monk)            Turns: 1184, Time: 00:01:41

Health: -2/20      AC:  4    Str: 13    XL:     3   Next: 43%
Magic:  0/4        EV: 12    Int: 10    God:
Gold:   52         SH:  0    Dex: 18    Spells: 2/2 levels left

rFire   . . .      SeeInvis .   a - +0 short sword
rCold   . . .      Faith    .   (no shield)
rNeg    . . .      Spirit   +   k - +0 leather armour
rPois   .          Reflect  .   (no helmet)
rElec   .          Harm     .   f - +0 cloak
rCorr   .          Rampage  .   (no gloves)
Will    .....                   (no boots)
Stlth   ++........              (no amulet)
HPRegen 0.06/turn               (no ring)
MPRegen 0.09/turn               (no ring)

@: no status effects
A: fangs 2, magic shield, antimagic bite, no potion heal 2
a: no special abilities


You were on level 2 of the Dungeon.
You visited 1 branch of the dungeon, and saw 2 of its levels.

You collected 52 gold pieces.

Inventory:

Hand Weapons
 a - a +0 short sword (weapon)
Armour
 f - a +0 cloak (worn)
 k - a +0 leather armour (worn)
Jewellery
 g - a ring of flight
Scrolls
 d - a scroll of fear {unknown}
 e - 3 scrolls of identify {unknown}
Potions
 c - 2 potions of ambrosia
 h - a potion of curing {unknown}
 i - a potion of berserk rage {unknown}
 j - a potion of resistance {unknown}


   Skills:
 + Level 3.0 Fighting
 + Level 3.1 Short Blades
 + Level 2.8 Dodging
 + Level 2.8 Stealth


You had 2 spell levels left.
You didn't know any spells.
Your spell library contained the following spells:

 Spells                   Type           Power      Damage    Failure   Level
 Blink                    Tloc           0%         N/A       58%         2
 Lesser Beckoning         Tloc           0%         N/A       82%         3
 Olgreb's Toxic Radiance  Pois           0%         N/A       99%         4
 Manifold Assault         Tloc           0%         N/A       100%        5
 Ozocubu's Refrigeration  Ice            0%         4d5       100%        7
 Ignition                 Fire           0%         3d3       100%        8


Dungeon Overview and Level Annotations

Branches:
Dungeon (2/15)

Altars:

Annotations:
D:2 Robin


Innate Abilities, Weirdness & Mutations

You have extremely sharp teeth.
When hurt, damage is shared between your health and your magic reserves.
Your bite disrupts and absorbs the magic of your enemies.
Potions cannot restore your health.


Message History

You start resting.
HP restored.
There is a stone staircase leading down here.
You climb downwards.
Level annotation: Robin Robin closely misses you.
Robin misses you.
There is a stone staircase leading up here.
Robin hits you with a +0 trident!
You hit Robin. Your bite misses Robin.
Robin is moderately wounded.
Robin hits you but does no damage.
You hit Robin. Your bite misses Robin.
Robin is severely wounded.
Robin drinks a potion.
Robin is healed!
You barely miss Robin. You bite Robin, but do no damage.
Robin hits you but does no damage.
The kobold hits you with a +0 short sword.
You hit Robin. You bite Robin, but do no damage.
Robin is moderately wounded.
Robin hits you with a +0 trident. The kobold hits you but does no damage.
You are too injured to fight recklessly!
You are too injured to fight recklessly!
You are too injured to fight recklessly!
You are too injured to fight recklessly!
You are too injured to fight recklessly!
You closely miss Robin. You bite Robin, but do no damage.
Robin is moderately wounded.
Robin hits you with a +0 trident. The kobold barely misses you.
You hit Robin but do no damage.
Robin is moderately wounded.
The kobold barely misses you. Robin hits you with a +0 trident.
* * * LOW HITPOINT WARNING * * *
You hit Robin. You bite Robin, but do no damage.
Robin is heavily wounded.
The kobold hits you with a +0 short sword.
* * * LOW HITPOINT WARNING * * *
Robin barely misses you.
Unknown command.
Robin hits you from afar with a +0 trident.
You die...

# #. ###>.
.....####
.(......####.#.#
#..K.@.......
#.###.####.#.#
###g.###.#.
#......>...
#.#÷.......
.##.#.#)#.##.##
........#.# #
#####.#.#.# #
###)#÷##.#


You could see Robin and a kobold.

Vanquished Creatures
  3 ball pythons (D:1)
  2 bats (D:1)
  2 endoplasms (D:1)
  11 goblins
  3 hobgoblins (D:1)
  4 jackals (D:1)
  A kobold (D:1)
  A quokka (D:2)
  2 frilled lizards (D:1)
  2 rats
31 creatures vanquished.

Notes
Turn   | Place    | Note
-------+----------+-------------------------------------------
     0 | D:1      | coolguy69 the Vine Stalker Monk began the quest for the
                  | Orb.
     0 | D:1      | Reached XP level 1. HP: 11/11 MP: 2/2
   162 | D:1      | Reached XP level 2. HP: 16/16 MP: 3/3
   366 | D:1      | Reached XP level 3. HP: 1/20 MP: 0/4
   879 | D:2      | Noticed Robin
  1183 | D:2      | HP: 1/20 [kobold/+0 short sword (1)]
  1184 | D:2      | Slain by Robin

Illustrated notes

Levels and vault maps discovered:
D:1:      minmay_arrival_three_doors, layout_basic
D:2:      layout_loops_ring, minivault_4, uniq_robin

Skill      XL: |  1  2 |
---------------+-------+-----
Short Blades   | 3 |  3.1
Fighting       | 3 |  3.0
Dodging        | |  2.8
Stealth        | |  2.8

Action                   || total
-------------------------++-------
Melee: Short sword       ||    78
       Bite              ||    22
       Punch             ||     1
 Stab: Sleeping          ||     6
Armor: Robe              ||     9
       Leather armour    ||    11
Dodge: Dodged            ||    71

Table legend: (Time is in decaauts)
 A = Elapsed time spent in this place.
 B = Non-inter-level travel time spent in this place.
 C = Inter-level travel time spent in this place.
 D = Time resting spent in this place.
 E = Time spent auto-exploring this place.
 F = Levels seen in this place.
 G = Mean time per level.
                   A        B        C        D        E       F      G
               +--------+--------+--------+--------+--------+-----+--------+
         Total |   1181 |   1145 |     36 |    562 |    379 |   2 |  590.5 |
       Dungeon |   1181 |   1145 |     36 |    562 |    379 |   2 |  590.5 |
               +--------+--------+--------+--------+--------+-----+--------+

Top non-repeatable levels by time:
     D:1: 1126 daAuts
     D:2: 54 daAuts
